 Dungeon Sprint DCSS version 0.17-a0-2058-g8b0eb12 (webtiles) character file.

10759 Ordine the Ninja (level 11, -13/47 HPs)
             Began as a Spriggan Enchanter on Oct 12, 2015.
             Was the Champion of Dithmenos.
             Mangled by a lorocyproca (38 damage)
             ... in the Dungeon (Sprint I: "Red Sonja").
             The game lasted 00:17:58 (2428 turns).

Ordine the Ninja (Spriggan Enchanter)               Turns: 2428, Time: 00:17:59

Health: -13/47     AC:  2    Str:  0    XL:     11   Next: 40%
Magic:  21/23      EV: 20    Int: 19    God:    Dithmenos [******]
Gold:   517        SH:  0    Dex: 16    Spells: 4 memorised, 21 levels left

rFire  + + .     SeeInvis +     m - +3 dagger "Boemp" {freeze, -Tele rF++ MR+ Stlth+}
rCold  . . .     Rnd*Rage +     b - +1 robe
rNeg   . . .     SustAt   .     (shield restricted)
rPois  +         Gourm    .     (helmet restricted)
rElec  .         Spirit   .     (no cloak)
rCorr  .         Warding  .     (gloves unavailable)
rMut   +         NoTele   +     (boots unavailable)
MR     ++...                    k - amulet of resist mutation
Stlth  ++++++++++               (no ring)
                                n - ring of poison resistance

@: slowed, lost strength, wreathed by umbra, quick, very resistant to hostile
enchantments, uncannily stealthy
A: unfitting armour, see invisible, berserk 1, clumsy 1, deformed body,
herbivore 3, speed 3, low mp 1, screaming 1, slow metabolism 2, weak 2
a: Shadow Step, Shadow Form, Renounce Religion


You were in the Dungeon.
You worshipped Dithmenos.
Dithmenos was exalted by your worship.
You were full.

You visited 1 branch You collected 1873 gold pieces.
You spent 1356 gold pieces at shops.

Inventory:

Hand Weapons
 m - the +3 dagger "Boemp" (weapon) {freeze, -Tele rF++ MR+ Stlth+}
   (You bought it in a shop in the Dungeon)

   It has been specially enchanted to freeze those struck by it, causing extra
   injury to most foes and up to half again as much damage against particularly
   susceptible opponents.
   It can also slow down cold-blooded creatures.
   It greatly protects you from fire.
   It affects your resistance to hostile enchantments.
   It prevents most forms of teleportation.
   It makes you more stealthy.
Armour
 b - a +1 robe (worn)
Jewellery
 k - an amulet of resist mutation (around neck)
 n - a ring of poison resistance (left hand)
Scrolls
 j - 4 scrolls of blinking
Potions
 a - a potion of might {unknown}
 e - 3 potions of curing
 f - a potion of heal wounds
 g - a potion of haste
 h - a potion of magic
Books
 c - a book of Maledictions

   Spells                             Type                      Level
   a - Corona                         Hexes                        1
   b - Ensorcelled Hibernation        Hexes/Ice                    2
   c - Confuse                        Hexes                        3
   d - Tukima's Dance                 Hexes                        3
   e - Dazzling Spray                 Conjuration/Hexes            3
Miscellaneous
 i - a sack of spiders
 l - a disc of storms
Comestibles
 d - 3 bread rations
 o - a fruit


   Skills:
 - Level 10.2 Short Blades
 + Level 5.5 Dodging
 O Level 27 Stealth
 - Level 10.2 Spellcasting
 - Level 17.8 Hexes


You had 21 spell levels left.
You knew the following spells:

 Your Spells              Type           Power        Failure   Level  Hunger
a - Corona                Hex            ######.      0%          1    None
b - Ensorcelled Hibernat  Hex/Ice        #####.       1%          2    None
c - Confuse               Hex            ######..     0%          3    None
d - Dazzling Spray        Conj/Hex       #####...     1%          3    None


Dungeon Overview and Level Annotations

Branches:
Dungeon (1/1)

Altars:
Cheibriados
Dithmenos
Elyvilon
Fedhas
Gozag
Kikubaaqudgha
Makhleb
Nemelex Xobeh
Okawaru
Qazlal
Ru
Sif Muna
Trog
Vehumet
Xom
Yredelemnul
Zin
The Shining One
Jiyva

Shops:
D }([[%:}[}}%(*(?*?:=[(

Annotations:
D Norris


Innate Abilities, Weirdness & Mutations

You are tiny and cannot use many weapons and most armour.
You have supernaturally acute eyesight.
You are a herbivore.
You cover ground extremely quickly.
You need consume almost no food.
You tend to lose your temper in combat.
You are clumsy. (Dex -2)
Armour fits poorly on your strangely shaped body.
Your magical capacity is low (-10% MP).
You occasionally shout uncontrollably at your foes.
You are very weak. (Str -4)


Message History

Really walk into that arrow trap?
Okay, then.
Unknown command.
There is a snail-covered altar of Cheibriados here.
There is an open door here.
An arrow hits the lorocyproca!
Drink which item? (? for menu, Esc to quit)
Magic courses through your body.
Casting: Dazzling Spray
Confirm with . or Enter, or press ? or * to list all spells.
Aiming: Dazzling Spray
Press: ? - help, Shift-Dir - straight line, f/p - lorocyproca
Aim: a lorocyproca (lightly wounded, slightly transparent, umbra)
The spray of energy hits the lorocyproca.
The lorocyproca is moderately wounded.
Your shadow mimicks your spell!
The shadow shard hits the lorocyproca.
The lorocyproca barely misses you. The lorocyproca hits you!!!
Ouch! That really hurt!
You die...

###############################
#<.#..'..#.)'..#__#..'..)#..#§§
#..[..#.)'..#.@2^.'..#§§§##'#§#
#..#####'#####'#__####§§§§).#§#
#..####..#...#.####§.#####..'.#
#..#__####..##.#§≈§§§#..##§####
#..#_..__##'#..'§§§§§'..#§§§§2#
#⌠⌠#_.∩...'..._#§§§§)#§§#§§.§.§
####_..._##_.#'##'#####§###^§.#
#_____###'#.#()..###.§.#..§#
############.####'###.###.#..##


You could see a lorocyproca (invisible).

Vanquished Creatures
  2 centaur warriors (D)
  Sonja (D)
  2 unseen horrors (D)
  A deep troll (D)
  An oklob plant (D)
  8 shining eyes (D)
  A gargoyle (D)
  2 kobold demonologists (D)
  4 demonic crawlers (D)
  A slime creature (D)
  3 trapdoor spiders (D)
  Sigmund (D)
  A yak (D)
  A wasp (D)
  An ogre (D)
  7 necrophages (D)
  8 jellies (D)
  Ijyb (D)
  6 giant eyeballs (D)
  2 ballistomycetes (D)
  A giant spore (D)
55 creatures vanquished.

Vanquished Creatures (others)
  A gargoyle (D)
  A trapdoor spider (D)
  A ballistomycete (D)
  A giant spore (D)
4 creatures vanquished.

Grand Total: 59 creatures vanquished

Notes
Turn   | Place    | Note
--------------------------------------------------------------
     0 | D        | Ordine the Spriggan Enchanter began the quest for the Orb.
     0 | D        | Reached XP level 1. HP: 9/9 MP: 5/5
     2 | D        | Noticed Ijyb
    10 | D        | Killed Ijyb
    10 | D        | Reached skill level 10 in Stealth
    10 | D        | Reached XP level 2. HP: 7/13 MP: 6/6
   205 | D        | Learned a level 2 spell: Ensorcelled Hibernation
   205 | D        | Noticed an ogre
   208 | D        | Killed an ogre
   208 | D        | Reached skill level 14 in Stealth
   208 | D        | Reached XP level 3. HP: 16/16 MP: 8/8
   208 | D        | Reached XP level 4. HP: 21/21 MP: 9/9
   220 | D        | Noticed Sigmund
   223 | D        | Killed Sigmund
   223 | D        | Reached skill level 18 in Stealth
   223 | D        | Reached XP level 5. HP: 24/24 MP: 10/10
   223 | D        | Reached XP level 6. HP: 28/28 MP: 11/11
   237 | D        | Found a deep blue altar of Sif Muna.
   238 | D        | Noticed a jelly
   239 | D        | Found a radiant altar of Vehumet.
   243 | D        | Killed a jelly
   268 | D        | Found a snail-covered altar of Cheibriados.
   268 | D        | Found a viscous altar of Jiyva.
   268 | D        | Found a shadowy altar of Dithmenos.
   268 | D        | Found a blossoming altar of Fedhas.
   268 | D        | Noticed a slime creature
   271 | D        | Killed a slime creature
   271 | D        | Reached skill level 20 in Stealth
   274 | D        | Became a worshipper of Dithmenos the Shadowed
   398 | D        | Killed a gargoyle
   420 | D        | Learned a level 3 spell: Confuse
   424 | D        | Learned a level 3 spell: Dazzling Spray
   430 | D        | Found Xewon's Armour Emporium.
   430 | D        | Found a white marble altar of Elyvilon.
   430 | D        | Found a stormy altar of Qazlal.
   430 | D        | Found a burning altar of Makhleb.
   430 | D        | Found a sacrificial altar of Ru.
   430 | D        | Found a basalt altar of Yredelemnul.
   430 | D        | Found a glowing golden altar of the Shining One.
   430 | D        | Found a sparkling altar of Nemelex Xobeh.
   430 | D        | Found a shimmering altar of Xom.
   430 | D        | Found an opulent altar of Gozag.
   430 | D        | Found an ancient bone altar of Kikubaaqudgha.
   430 | D        | Found a glowing silver altar of Zin.
   430 | D        | Noticed a yak
   431 | D        | Found an iron altar of Okawaru.
   432 | D        | Killed a yak
   432 | D        | Reached skill level 21 in Stealth
   432 | D        | Reached XP level 7. HP: 32/32 MP: 12/12
   433 | D        | Found a bloodstained altar of Trog.
   446 | D        | Noticed Sonja
   450 | D        | Killed Sonja
   450 | D        | Reached skill level 24 in Stealth
   450 | D        | Reached XP level 8. HP: 36/36 MP: 13/13
   481 | D        | Found Eneaguig's Gadget Boutique.
   551 | D        | Noticed a deep troll
   555 | D        | Killed a deep troll
   555 | D        | Reached skill level 25 in Stealth
   565 | D        | Found Fyek's Armour Emporium.
   588 | D        | Noticed a centaur warrior
   590 | D        | Noticed a centaur warrior
   593 | D        | Killed a centaur warrior
   593 | D        | Reached skill level 27 in Stealth
   593 | D        | Reached skill level 5 in Spellcasting
   593 | D        | Reached XP level 9. HP: 36/39 MP: 9/17
   595 | D        | Killed a centaur warrior
   595 | D        | Reached skill level 10 in Spellcasting
   702 | D        | Noticed a kobold demonologist
   703 | D        | Noticed a kobold demonologist
   705 | D        | Killed a kobold demonologist
   705 | D        | Acquired Dithmenos's first power
   705 | D        | Reached skill level 5 in Hexes
   708 | D        | Killed a kobold demonologist
   740 | D        | Noticed a wasp
   743 | D        | Killed a wasp
   756 | D        | Noticed an oklob plant
   760 | D        | Killed an oklob plant
   760 | D        | Reached skill level 10 in Hexes
   760 | D        | Reached XP level 10. HP: 22/44 MP: 21/25
   922 | D        | Noticed a trapdoor spider
   925 | D        | Noticed a trapdoor spider
   925 | D        | Noticed a trapdoor spider
   927 | D        | Killed a trapdoor spider
   927 | D        | Acquired Dithmenos's second power
  1375 | D        | Noticed a trapdoor spider
  1376 | D        | Banished a trapdoor spider
  1378 | D        | Killed a trapdoor spider
  1378 | D        | Reached skill level 5 in Short Blades
  1389 | D        | Killed a trapdoor spider
  1605 | D        | Noticed an unseen horror
  1605 | D        | Noticed an unseen horror
  1610 | D        | Killed an unseen horror
  1612 | D        | Killed an unseen horror
  1612 | D        | Acquired Dithmenos's third power
  1612 | D        | Reached skill level 10 in Short Blades
  1625 | D        | Noticed a jelly
  1625 | D        | Noticed a jelly
  1629 | D        | Noticed a jelly
  1629 | D        | Noticed a jelly
  1629 | D        | Noticed a jelly
  1629 | D        | Noticed a jelly
  1629 | D        | Noticed a jelly
  1630 | D        | Noticed a necrophage
  1631 | D        | Noticed a necrophage
  1631 | D        | Noticed a necrophage
  1632 | D        | Killed a jelly
  1633 | D        | Noticed a necrophage
  1633 | D        | Noticed a necrophage
  1634 | D        | Killed a jelly
  1635 | D        | Killed a jelly
  1636 | D        | Noticed a necrophage
  1637 | D        | Killed a jelly
  1638 | D        | Killed a jelly
  1647 | D        | Killed a jelly
  1647 | D        | Acquired Dithmenos's fourth power
  1652 | D        | Killed a necrophage
  1657 | D        | Killed a necrophage
  1659 | D        | Killed a jelly
  1660 | D        | Noticed a necrophage
  1663 | D        | Killed a necrophage
  1665 | D        | Killed a necrophage
  1666 | D        | Killed a necrophage
  1668 | D        | Killed a necrophage
  1669 | D        | Killed a necrophage
  1698 | D        | Found Fynoig's Antique Armour Shoppe.
  1698 | D        | Found Fewucaob's Gadget Shop.
  1698 | D        | Found Hoyxtidd's Gadget Boutique.
  1700 | D        | Found Qeinoung's Gadget Emporium.
  1700 | D        | Found Fiwouvva's Food Shop.
  1700 | D        | Found Gopethipt's Antique Weapon Shoppe.
  1700 | D        | Found Cirpho's General Store.
  1700 | D        | Found Nidim's Antique Weapon Emporium.
  1700 | D        | Found Jemac's Magic Scroll Shop.
  1700 | D        | Found Vyap's General Store.
  1704 | D        | Found Xozxetycw's Magic Scroll Boutique.
  1705 | D        | Found Zieman Vuhunk's Jewellery Emporium.
  1705 | D        | Found Losumor's Book Boutique.
  1706 | D        | Found Muli's Antique Weapon Emporium.
  1709 | D        | Bought a twisted dagger for 119 gold pieces
  1709 | D        | Identified the +3 dagger "Boemp" {freeze, -Tele rF++ MR+ Stlth+} (You bought it in a shop in the Dungeon)
  1715 | D        | Bought an uncursed amulet of resist mutation for 560 gold pieces
  1715 | D        | Bought an uncursed ring of poison resistance for 280 gold pieces
  1722 | D        | Bought a scroll of blinking for 97 gold pieces
  1736 | D        | Bought a scroll of blinking for 90 gold pieces
  1736 | D        | Bought a scroll of blinking for 90 gold pieces
  1783 | D        | Noticed a shining eye
  1783 | D        | Noticed a shining eye
  1783 | D        | Noticed a shining eye
  1783 | D        | Noticed a shining eye
  1783 | D        | Noticed a shining eye
  1783 | D        | Noticed a shining eye
  1786 | D        | Noticed a shining eye
  1786 | D        | Noticed a shining eye
  1788 | D        | Killed a shining eye
  1790 | D        | Killed a shining eye
  1794 | D        | Paralysed by a giant eyeball for 2 turns
  1794 | D        | Gained mutation: Armour fits poorly on your strangely shaped body. [mutagenic glow]
  1796 | D        | Gained mutation: Your magical capacity is low (-10% MP). [a shining eye]
  1802 | D        | Killed a shining eye
  1803 | D        | Paralysed by a giant eyeball for 3 turns
  1813 | D        | Paralysed by a giant eyeball for 3 turns
  1814 | D        | Gained mutation: You are clumsy. (Dex -2) [a shining eye]
  1816 | D        | Gained mutation: You tend to lose your temper in combat. [a shining eye]
  1818 | D        | Killed a shining eye
  1818 | D        | Reached XP level 11. HP: 45/47 MP: 16/23
  1818 | D        | Gained mutation: You are weak. (Str -2) [a shining eye]
  1820 | D        | Killed a shining eye
  1820 | D        | Reached skill level 15 in Hexes
  1829 | D        | Killed a shining eye
  1832 | D        | Killed a shining eye
  1836 | D        | Killed a shining eye
  1851 | D        | Lost strength.
  1851 | D        | Gained mutation: You are very weak. (Str -4) [mutagenic glow]
  1926 | D        | Gained mutation: You occasionally shout uncontrollably at your foes. [mutagenic glow]
  2025 | D        | Found Lerab's Food Shop.
  2025 | D        | Found Doramoc's Armour Emporium.
  2025 | D        | Found Pesokh's Book Boutique.
  2026 | D        | Found Kaka's Weapon Shoppe.
  2041 | D        | Bought a bread ration for 60 gold pieces
  2041 | D        | Bought a bread ration for 60 gold pieces
  2075 | D        | Noticed a demonic crawler
  2075 | D        | Noticed a demonic crawler
  2075 | D        | Noticed a demonic crawler
  2075 | D        | Noticed a demonic crawler
  2077 | D        | Killed a demonic crawler
  2078 | D        | Killed a demonic crawler
  2080 | D        | Killed a demonic crawler
  2081 | D        | Killed a demonic crawler
  2106 | D        | Noticed a gargoyle
  2113 | D        | Killed a gargoyle
  2113 | D        | Reached skill level 5 in Dodging
  2401 | D        | Noticed Norris
  2402 | D        | Noticed a lorocyproca
  2428 | D        | Mangled by a lorocyproca

Vault maps used:
D:        dungeon_sprint_1

Action                   |  1- 3 |  4- 6 |  7- 9 | 10-12 || total
-------------------------+-------+-------+-------+-------++-------
Melee: Dagger            |     8 |     4 |    26 |    58 ||    96
Throw: Stone             |       |       |     2 |       ||     2
 Cast: Ensorcelled Hiber |       |       |     2 |     8 ||    10
       Confuse           |       |       |     1 |     8 ||     9
       Dazzling Spray    |       |       |       |    10 ||    10
  Use: Potion            |     1 |       |       |     3 ||     4
       Scroll            |       |       |     1 |     1 ||     2
 Stab: Sleeping          |     1 |     4 |     8 |    24 ||    37
       Confused          |       |       |     1 |     6 ||     7
       Invisible         |       |       |       |     2 ||     2
  Eat: Bread ration      |       |       |       |     1 ||     1
